 Dungeon Crawl Stone Soup version 0.29-a0-194-g6e3aafee17 (webtiles) character file.

Game seed: 7341173857904805882

101 fragbeetle the Bolt Thrower (level 4, 0/37 HPs)
             Began as a Minotaur Hunter on Feb 23, 2022.
             Slain by a gnoll
             ... wielding a +0 spear
              (4 damage)
             ... on level 2 of the Dungeon.
             The game lasted 00:01:29 (1022 turns).

fragbeetle the Bolt Thrower (Minotaur Hunter)       Turns: 1022, Time: 00:01:30

Health: 0/37       AC:  3    Str: 18    XL:     4   Next: 48%
Magic:  3/3        EV: 11    Int:  8    God:
Gold:   87         SH:  0    Dex: 11    Spells: 3/3 levels left

rFire   . . .      SeeInvis .   a - +1 hand crossbow
rCold   . . .      Faith    .   (no shield)
rNeg    . . .      Spirit   .   b - +0 leather armour
rPois   .          Reflect  .   (helmet restricted)
rElec   .          Harm     .   (no cloak)
rCorr   .          Rampage  .   (no gloves)
Will    .....                   (no boots)
Stlth   +.........              (no amulet)
HPRegen 0.12/turn               (no ring)
MPRegen 0.08/turn               (no ring)

@: no status effects
A: horns 2, retaliatory headbutt
a: no special abilities


You were on level 2 of the Dungeon.
You visited 1 branch of the dungeon, and saw 2 of its levels.

You collected 87 gold pieces.

Inventory:

Hand Weapons
 a - a +1 hand crossbow (weapon)
 h - a +0 spear
Armour
 b - a +0 leather armour (worn)
Scrolls
 c - 5 scrolls of identify {unknown}
 d - a scroll of vulnerability {unknown}
 e - a scroll of immolation {unknown}
Potions
 f - a potion of heal wounds {unknown}
 g - a potion of attraction {unknown}


   Skills:
 - Level 2.4 Fighting
 * Level 6.6 Crossbows
 - Level 2.1 Dodging
 - Level 0.7 Stealth


You had 3 spell levels left.
You didn't know any spells.
Your spell library was empty.

Dungeon Overview and Level Annotations

Branches:
Dungeon (2/15)

Altars:


Innate Abilities, Weirdness & Mutations

You have a pair of horns on your head.
You reflexively headbutt those who attack you in melee.


Message History

You kill the gnoll!
You shoot a bolt. The bolt hits the gnoll.
The gnoll is moderately wounded.
You shoot a bolt. The bolt hits the gnoll.
The gnoll is moderately wounded.
You shoot a bolt. The bolt hits the gnoll.
The gnoll is severely wounded.
The gnoll hits you with a +0 club!
You shoot a bolt. The bolt hits the gnoll!
You kill the gnoll!
The gnoll hits you from afar with a +0 spear!
The gnoll hits you from afar with a +0 spear.
You shoot a bolt. The bolt barely misses the gnoll.
The gnoll hits you from afar with a +0 spear!
* * * LOW HITPOINT WARNING * * *
You are too injured to fight recklessly!
You are too injured to fight recklessly!
Unknown command.
You are too injured to fight recklessly!
You are too injured to fight recklessly!
Shoot: a) +1 hand crossbow
Press: ? - help, Shift-Dir - straight line, f/p - gnoll
Aim: a gnoll, wielding a +0 spear You shoot a bolt.
The bolt hits the gnoll but does no damage.
The gnoll closely misses you.
Shoot: a) +1 hand crossbow
Press: ? - help, Shift-Dir - straight line, f/p - gnoll
Aim: a gnoll, wielding a +0 spear You shoot a bolt.
The bolt barely misses the gnoll.
The gnoll hits you from afar with a +0 spear!
* * * LOW HITPOINT WARNING * * *
Unknown command.
Shoot: a) +1 hand crossbow
Press: ? - help, Shift-Dir - straight line, f/p - gnoll
Aim: a gnoll, wielding a +0 spear You shoot a bolt.
The bolt hits the gnoll.
The gnoll is moderately wounded.
The gnoll hits you from afar with a +0 spear.
You die...

......[..##.####.###
###............†......#
.....#...#.##.####....
........†....# #.....
...#.....##.# #.##.#
.$##.##.##.# #.##.# #.
#.......# #.##.#
#.#.##.......# #.##.#
#...@........# #.....
###)##.......# ####.#
#g #.......# #.# #)
#.......# #.# #)
#....<..# #. #########
#. #$


You could see a gnoll.

Vanquished Creatures
  3 gnolls (D:2)
  2 adders (D:2)
  2 worms (D:2)
  2 dart slugs
  2 ball pythons
  6 bats
  6 endoplasms
  2 giant cockroaches (D:1)
  4 goblins
  5 hobgoblins
  4 frilled lizards
  3 kobolds
  2 rats (D:1)
43 creatures vanquished.

Notes
Turn   | Place    | Note
-------+----------+-------------------------------------------
     0 | D:1      | fragbeetle the Minotaur Hunter began the quest for the Orb.
     0 | D:1      | Reached XP level 1. HP: 18/18 MP: 0/0
    63 | D:1      | Reached XP level 2. HP: 22/25 MP: 1/1
   157 | D:1      | Reached skill level 5 in Crossbows
   213 | D:1      | Found a faded altar of an unknown god.
   755 | D:2      | Reached XP level 3. HP: 30/30 MP: 2/2
   969 | D:2      | Reached skill level 6 in Crossbows
  1001 | D:2      | Reached XP level 4. HP: 37/37 MP: 3/3
  1022 | D:2      | Slain by a gnoll

Illustrated notes

Levels and vault maps discovered:
D:1:      minmay_arrival_shoal_huts, layout_loops_ring,
          shapermc_ecumenical_altar_mp_vishouse
D:2:      layout_loops_cross, serial_bayou_pond_b, kennysheep_jessica_study

Skill      XL: |  1  2  3 |
---------------+----------+-----
Crossbows      | 5 6 |  6.6
Fighting       | |  2.4
Dodging        | |  2.1
Stealth        | |  0.7

Action                   |  1- 3 |  4- 6 || total
-------------------------+-------+-------++-------
 Fire: Hand crossbow     |    86 |    15 ||   101
Armor: Leather armour    |     5 |       ||     5
Dodge: Dodged            |    16 |     1 ||    17

Table legend: (Time is in decaauts)
 A = Elapsed time spent in this place.
 B = Non-inter-level travel time spent in this place.
 C = Inter-level travel time spent in this place.
 D = Time resting spent in this place.
 E = Time spent auto-exploring this place.
 F = Levels seen in this place.
 G = Mean time per level.
                   A        B        C        D        E       F      G
               +--------+--------+--------+--------+--------+-----+--------+
         Total |   1049 |    998 |     51 |      0 |    796 |   2 |  524.5 |
       Dungeon |   1049 |    998 |     51 |      0 |    796 |   2 |  524.5 |
               +--------+--------+--------+--------+--------+-----+--------+

Top non-repeatable levels by time:
     D:1: 726 daAuts
     D:2: 322 daAuts
